 Dungeon Crawl Stone Soup version 0.24-a0-292-g5c6fb1c (webtiles) character file.

Game seed: 13472989267485932711

46 emperorscorpion the Charmwright (level 3, -4/18 HPs)
             Began as a Vine Stalker Skald on May 11, 2019.
             Was an Initiate of Kikubaaqudgha.
             Slain by a river rat (5 damage)
             ... on level 4 of the Dungeon.
             The game lasted 00:04:28 (514 turns).

emperorscorpion the Charmwright (Vine Stalker Skald) Turns: 514, Time: 00:04:29

Health: -4/18      AC:  3    Str: 13    XL:     3   Next: 68%
Magic:  0/8        EV: 12    Int: 18    God:    Kikubaaqudgha [......]
Gold:   57         SH:  0    Dex: 14    Spells: 0/7 levels left

rFire    . . .     SeeInvis .   a - +0 short sword
rCold    . . .     Gourm    .   (no shield)
rNeg     . . .     Faith    .   b - +0 leather armour
rPois    .         Spirit   +   (no helmet)
rElec    .         Reflect  .   (no cloak)
rCorr    .         Harm     .   (no gloves)
MR       .....                  (no boots)
Stlth    +.........             (no amulet)
HPRegen  0.06/turn              (no ring)
MPRegen  0.11/turn              (no ring)

@: brilliant, berserk cooldown, slowed, very slow
A: fangs 2, magic shield, antimagic bite, no potion heal 3, rot immunity
a: Renounce Religion


You were on level 4 of the Dungeon.
You worshipped Kikubaaqudgha.
Kikubaaqudgha was noncommittal.
You were not hungry.

You visited 1 branch of the dungeon, and saw 4 of its levels.

You collected 57 gold pieces.

Inventory:

Hand Weapons
 a - a +0 short sword (weapon)
Armour
 b - a +0 leather armour (worn)
 j - a cursed +0 ring mail
Wands
 k - a wand of flame (13)
Scrolls
 c - 2 scrolls of immolation {unknown}
 e - 2 scrolls of remove curse {unknown}
 g - a scroll of teleportation {unknown}
Comestibles
 d - a ration
 f - a chunk of flesh


   Skills:
 + Level 2.0 Fighting
 + Level 1.9 Short Blades
 + Level 1.0 Armour
 + Level 1.8 Dodging
 + Level 2.8 Spellcasting
 + Level 3.6 Charms


You couldn't memorise any spells.
You knew the following spells:

 Your Spells              Type           Power        Failure   Level  Hunger
a - Infusion              Chrm           ####         1%          1    None
r - Regeneration          Chrm/Necr      ###.......   3%          3    ###....
w - Spectral Weapon       Hex/Chrm       ###.....     3%          3    ###....

Your spell library contained the following spells:

 Spells                   Type           Power        Failure   Level  Hunger
 Shroud of Golubria       Chrm/Tloc      ###.......   1%          2    ##.....
 Song of Slaying          Chrm           ####....     1%          2    ##.....


Dungeon Overview and Level Annotations

Branches:
Dungeon (4/15)
 Temple: D:4-7

Altars:
Dithmenos
Kikubaaqudgha
Okawaru
Ru
Yredelemnul

Portals:
Sewer: D:4


Innate Abilities, Weirdness & Mutations

You have extremely sharp teeth.
When hurt, damage is shared between your health and your magic reserves.
Your bite disrupts and absorbs the magic of your enemies.
Potions cannot restore your health.
You are immune to rotting.


Message History

The worm is severely wounded.
The worm closely misses you. The river rat barely misses you.
You hit the worm.
You kill the worm!
Kikubaaqudgha accepts your kill.
You feel sick.
You are no longer poisoned.
The river rat bites you.
* * * LOW HITPOINT WARNING * * *
The river rat barely misses you.
Unknown command.
Evoke which item? (* to show all) (? for menu, Esc to quit)
Aiming: Throw Flame
Press: ? - help, Shift-Dir - straight line, f - river rat
Aim: a river rat The puff of flame hits the river rat but does no damage.
The river rat is engulfed in a cloud of scalding steam.
The river rat bites you.
You die...
Kikubaaqudgha rasps: "You have failed me!
Welcome... death!"

#####......##
#..####...##
.........####### #
###............#..
#......######..
..)...#.#≈≈≈≈#.
.#....#.#≈≈≈≈#
......#.#≈∩r≈#
#....##.#≈@≈≈# .
##.###..#≈≈≈≈# .# #.
#..†#####.## .###.#
#...........
......##...........
...................
.#.♣.♣.#.....#.#....
.........##....# ...
♣.♣.♣.♣.....### ##


You could see a river rat.

Vanquished Creatures
  2 adders
  An ooze (D:1)
  A worm (D:4)
  A dart slug (D:3)
  A leopard gecko (D:3)
  An orc (D:3)
  4 giant cockroaches
  2 jackals (D:3)
  3 goblins
  2 rats
18 creatures vanquished.

Notes
Turn   | Place    | Note
-------+----------+-------------------------------------------
     0 | D:1      | emperorscorpion the Vine Stalker Skald began the quest for
                  | the Orb.
     0 | D:1      | Reached XP level 1. HP: 11/11 MP: 4/4
   130 | D:1      | Reached XP level 2. HP: 6/15 MP: 0/6
   195 | D:2      | Found an ancient bone altar of Kikubaaqudgha.
   208 | D:2      | Became a worshipper of Kikubaaqudgha
   230 | D:2      | Found a sacrificial altar of Ru.
   317 | D:3      | Found a basalt altar of Yredelemnul.
   346 | D:3      | Reached XP level 3. HP: 6/18 MP: 4/7
   351 | D:3      | Learned a level 3 spell: Regeneration
   355 | D:3      | Learned a level 3 spell: Spectral Weapon
   394 | D:3      | Found a shadowy altar of Dithmenos.
   453 | D:4      | Found a glowing drain.
   466 | D:4      | Found an iron altar of Okawaru.
   491 | D:4      | Reached skill level 1 in Armour
   514 | D:4      | Slain by a river rat

Levels and vault maps discovered:
D:1:      dpeg_arrival_lava_temple_mockup, layout_basic, grunt_decor_cap,
          hex_tiny
D:2:      minmay_skewed_foursquare, layout_loops_ring, lemuel_doored_altar,
          nicolae_ru_awakened_eye
D:3:      layout_basic, grunt_dithmenos_smoke_and_mirrors,
          nicolae_overflow_crystal_walls, kennysheep_minor_cross,
          kennysheep_nub, uniq_robin
D:4:      layout_cave_pools, okawaru_trees_1, lemuel_crystal_altar,
          first_ration, portal_sewer_entry_c, serial_shops, shop, shop,
          kennysheep_little_box, shop

Skill      XL: |  1  2  3 |
---------------+----------+-----
Fighting       | 2 |  2.0
Armour         | 1 |  1.0
Short Blades   | |  1.9
Dodging        | |  1.8
Spellcasting   | |  2.8
Charms         | |  3.6

Action                   || total
-------------------------++-------
Melee: Short sword       ||    66
       Bite              ||    18
 Cast: Infusion          ||     3
       Regeneration      ||     2
       Spectral Weapon   ||     1
Evoke: Wand              ||     1
  Use: Potion            ||     2
Armor: Leather armour    ||    17
Dodge: Dodged            ||    51

Table legend:
 A = Non-vault XP
 B = Vault XP
 C = Vault XP percentage of total XP
 D = Non-vault monster count
 E = Vault monster count
 F = Vault count percentage of total count
                 A         B        C        D         E       F
            +---------+---------+-------+---------+---------+-------
      Total |      45 |      22 |  32.8 |      14 |       4 |  22.2
            +---------+---------+-------+---------+---------+-------
        D:1 |      11 |       0 |   0.0 |       4 |       0 |   0.0
        D:2 |       4 |       0 |   0.0 |       2 |       0 |   0.0
        D:3 |      30 |       0 |   0.0 |       8 |       0 |   0.0
        D:4 |       0 |      22 | 100.0 |       0 |       4 | 100.0
            +---------+---------+-------+---------+---------+-------
